 Dungeon Crawl Stone Soup version 0.27.1-33-g824d729ab1 (webtiles) character file.

Game seed: 9298866938142397283

657 austinbyrn the Shield-Bearer (level 7, -1/44 HPs)
             Began as a Gargoyle Fighter on Dec 10, 2021.
             Slain by an ogre (21 damage)
             ... on level 4 of the Dungeon.
             The game lasted 00:07:12 (3769 turns).

austinbyrn the Shield-Bearer (Gargoyle Fighter)     Turns: 3769, Time: 00:07:13

Health: -1/44      AC: 12    Str: 21 (22) XL:     7   Next: 55%
Magic:  7/7        EV:  8    Int:  7 (8)  God:
Gold:   356        SH: 10    Dex:  6 (9)  Spells: 6/6 levels left

rFire    . . .     SeeInvis .   a - +0 flail
rCold    . . .     Faith    .   c - +0 kite shield
rNeg     + . .     Spirit   .   b - +0 scale mail
rPois    ∞         Reflect  .   (no helmet)
rElec    +         Harm     .   (no cloak)
rCorr    .         Rampage  .   (no gloves)
Will     .....                  (no boots)
Stlth    ..........             (no amulet)
HPRegen  0.14/turn              (no ring)
MPRegen  0.10/turn              (no ring)

@: no status effects
A: sickness immunity, AC +4, negative energy resistance 1, electricity
resistance, torment resistance 1, petrification resistance
a: no special abilities


You were on level 4 of the Dungeon.
You visited 1 branch of the dungeon, and saw 3 of its levels.
You also visited: Ossuary.

You collected 356 gold pieces.

Inventory:

Hand Weapons
 a - a +0 flail (weapon)
Armour
 b - a +0 scale mail (worn)
 c - a +0 kite shield (worn)
Scrolls
 f - a scroll of enchant weapon {unknown}
 g - a scroll of holy word {unknown}
 k - a scroll of fog {unknown}
Potions
 e - 3 potions of lignification
 j - a potion of brilliance {unknown}
 l - a potion of degeneration
 m - a potion of curing {unknown}
 n - a potion of flight {unknown}
 o - a potion of haste {unknown}


   Skills:
 + Level 4.8 Fighting
 * Level 4.9 Maces & Flails
 + Level 4.8 Armour
 * Level 6.0 Shields


You had 6 spell levels left.
You didn't know any spells.
Your spell library contained the following spells:

 Spells                   Type           Power      Damage    Failure   Level
 Slow                     Hex            0%         N/A       99%         2
 Confusing Touch          Hex            0%         N/A       100%        3
 Ozocubu's Armour         Ice            0%         N/A       100%        3
 Metabolic Englaciation   Hex/Ice        0%         N/A       100%        5
 Yara's Violent Unravell  Hex/Tmut       0%         3d3       100%        5
 Simulacrum               Ice/Necr       0%         N/A       100%        6


Dungeon Overview and Level Annotations

Branches:
Dungeon (2/15)            Ossuary (visited)

Altars:


Innate Abilities, Weirdness & Mutations

You are immune to sickness and miasma.
Your stone body is resilient. (AC +4)
You are immune to poison.
You resist negative energy. (rN+)
You are resistant to electric shocks. (rElec)
You are resistant to unholy torment.
You are immune to petrification.


Message History

A hound skeleton is nearby!
You sock the hound skeleton!
The hound skeleton is severely damaged.
You block the hound skeleton's attack. The hound skeleton barely misses you.
You sock the hound skeleton!
You destroy the hound skeleton!
No target in view!
No target in view!
An adder skeleton comes into view.
An orc comes into view.
It is wielding a +2 hand axe of electrocution.
The orc shouts!
You block the adder skeleton's attack.
You sock the adder skeleton!
The adder skeleton is heavily damaged.
The adder skeleton bites you but does no damage.
You sock the adder skeleton!
You destroy the adder skeleton!
You block the orc's attack. x2
You barely miss the orc. You block the orc's attack.
You hit the orc but do no damage. The orc hits you but does no damage.
You completely miss the orc. You block the orc's attack.
The orc barely misses you.
You sock the orc!
You kill the orc!
An ogre comes into view. It is wielding a +0 giant club.
You barely miss the ogre. You block the ogre's attack.
You sock the ogre!
The ogre is heavily wounded.
The ogre hits you but does no damage.
You hit the ogre.
The ogre is severely wounded.
The ogre hits you with a +0 giant club!!
Ouch! That really hurt!
You are too injured to fight recklessly!
You are too injured to fight recklessly!
You are too injured to fight recklessly!
You sock the ogre!
The ogre is almost dead.
The ogre hits you with a +0 giant club!!
You die...

##.........###.......#..#'#######
...........###...................
......##.....#...................
................########...#.....
................# ##...#.....
................# ####....#....#
.........#......####............#
........##..................)##
........ ##..O@).............#
....... #...##....#####...).##
..... ##..## #Z..##..# .... ##..#
#...###). ... ##...# #..####.. ..
#..... ##..###..# . .......#
#...##..## ........# #...#..##
.>........##.....##


You could see an ogre.

Vanquished Creatures
  An ogre (D:4)
  A scorpion (D:4)
  3 elf skeletons (D:4)
  A human zombie (D:4)
  An orc priest (D:4)
  A human skeleton (D:4)
  An orc wizard (D:4)
  8 mummies (Ossuary)
  A hound skeleton (D:4)
  A gnoll (D:1)
  A howler monkey skeleton (D:4)
  3 adders (D:2)
  An adder skeleton (D:4)
  A dart slug (D:1)
  6 orcs (D:4)
  8 bats
  4 endoplasms
  A giant cockroach (D:1)
  6 hobgoblins
  2 quokkas (D:1)
  7 ball pythons
  3 gnoll zombies (Ossuary)
  8 goblins
  2 hobgoblin zombies (Ossuary)
  3 kobolds
  A kobold zombie (Ossuary)
  An orc skeleton (D:4)
  2 orc zombies (Ossuary)
  2 rats (D:1)
81 creatures vanquished.

Notes
Turn   | Place    | Note
-------+----------+-------------------------------------------
     0 | D:1      | austinbyrn the Gargoyle Fighter began the quest for the
                  | Orb.
     0 | D:1      | Reached XP level 1. HP: 14/14 MP: 1/1
    26 | D:1      | Reached XP level 2. HP: 17/19 MP: 2/2
   226 | D:1      | Reached XP level 3. HP: 12/23 MP: 3/3
  1300 | D:2      | Reached skill level 4 in Shields
  1368 | D:2      | Reached XP level 4. HP: 20/28 MP: 4/4
  1989 | D:2      | You fall into a shaft and drop 2 floors!
  2007 | D:4      | Reached XP level 5. HP: 24/33 MP: 5/5
  2059 | D:4      | Reached skill level 5 in Shields
  2059 | D:4      | Reached XP level 6. HP: 17/38 MP: 6/6
  2072 | D:4      | Found a sand-covered staircase.
  2077 | Ossuary  | Entered an ossuary
  2910 | D:4      | Reached XP level 7. HP: 24/44 MP: 7/7
  3726 | D:4      | Reached skill level 6 in Shields
  3769 | D:4      | Slain by an ogre

Illustrated notes

Levels and vault maps discovered:
D:1:      roderic_crossed_star, layout_rooms, minmay_crystal_room
D:2:      layout_loops_cross
D:4:      layout_layer_cave, minmay_temple_entry_statues_pillars,
          nicolae_ossuary_entry_catacombs

Skill      XL: |  1  2  3  4  5  6  7 |
---------------+----------------------+-----
Shields        | 4 5 6 |  6.0
Maces & Flails | 3 4 |  4.9
Armour         | 4 |  4.8
Fighting       | 4 |  4.8

Action                   |  1- 3 |  4- 6 |  7- 9 || total
-------------------------+-------+-------+-------++-------
Melee: Flail             |   133 |   144 |    63 ||   340
  Use: Scroll            |       |     3 |       ||     3
       Potion            |       |     2 |     1 ||     3
Armor: Scale mail        |   125 |    44 |    61 ||   230
Dodge: Dodged            |    48 |    37 |    20 ||   105
Block: Kite shield       |    89 |    74 |    32 ||   195
